Map: Lightshade LE

Players

Chicken

  • Race: Protoss Protoss
  • League: Master
  • Spawn Location: 11:00

ViBE - Winner!

  • Race: Protoss Protoss
  • League: Gold
  • Spawn Location: 5:00

VOD

Have the link to the VOD?

Description

Time

  • Played on: March 19, 2021, 11:06 p.m.
  • Length: 11:44
Show
View Real Time Build Order
Export as new Build Order

Chicken Protoss 

Build Orders:  

Get SALT Encoding   

  12  0:00  Probe  
  13  0:14  Pylon  
  13  0:17  Probe  
  14  0:33  Gateway  
  14  0:35  Probe (Chrono Boost)  
  15  0:40  Assimilator  
  15  0:47  Probe (Chrono Boost)  
  16  0:57  Probe (Chrono Boost)  
  17  1:05  Probe  
  18  1:17  Probe  
  19  1:21  Cybernetics Core  
  19  1:24  Gateway  
  19  1:29  Probe  
  20  1:41  Probe  
  21  1:48  Assimilator  
  21  1:53  Probe  
  22  2:06  Probe  
  23  2:14  Pylon  
  23  2:20  Warp Gate  
  23  2:30  Pylon  
  23  2:31  Stalker (Chrono Boost)  
  23  2:32  Probe  
  28  2:42  Stalker (Chrono Boost)  
  28  2:44  Probe  
  28  2:50  Robotics Facility  
  29  2:52  Stalker (Chrono Boost)  
  31  3:08  Pylon, Stalker  
  33  3:25  Nexus  
  33  3:27  Probe  
  34  3:38  Observer (Chrono Boost)  
  34  3:39  Probe  
  36  3:55  Sentry  
  38  4:01  Immortal (Chrono Boost)  
  38  4:02  Probe  
  43  4:14  Probe  
  44  4:20  Stalker  
  46  4:28  Shield Battery  
  46  4:31  Probe  
  46  4:32  Pylon  
  46  4:36  Assimilator  
  47  4:41  Pylon  
  47  4:43  Pylon  
  47  5:09  Stalker x2  
  51  5:15  Gateway  
  51  5:17  Gateway  
  51  5:22  Twilight Council  
  49  5:44  Sentry x2  
  49  5:48  Probe x2  
  55  5:53  Nexus  
  55  6:00  Probe x2  
  55  6:02  Warp Prism  
  59  6:12  Probe x2  
  61  6:24  Probe  
  59  6:30  Pylon  
  59  6:31  Probe, Pylon  
  60  6:34  Zealot, Assimilator, Stalker  
  60  6:36  Probe  
  65  6:43  Probe  
  66  6:48  Probe  
  66  6:49  Observer (Chrono Boost)  
  66  6:54  Blink (Chrono Boost)  
  68  6:58  Probe  
  69  7:05  Immortal (Chrono Boost), Stalker  
  75  7:09  Probe x2  
  77  7:16  Probe, Assimilator  
  77  7:21  Probe (Chrono Boost)  
  80  7:22  Probe (Chrono Boost)  
  80  7:29  Probe (Chrono Boost)  
  81  7:34  Probe (Chrono Boost)  
  83  7:37  Immortal (Chrono Boost)  
  83  7:39  Probe x2 (Chrono Boost)  
  83  7:42  Zealot, Stalker  
  83  7:43  Stalker  
  94  8:03  Pylon  
  94  8:05  Zealot x2, Stalker  
  96  8:06  Zealot  
  102  8:16  Gateway  
  102  8:18  Gateway  
  102  8:19  Immortal (Chrono Boost)  
  102  8:22  Pylon  
  102  8:25  Pylon  
  106  8:28  Pylon  
  106  8:37  Charge (Chrono Boost)  
  106  8:43  Nexus  
  106  8:56  Zealot x2  
  106  8:57  Zealot x2  
  106  9:30  Probe x3  
  109  9:32  Pylon  
  109  9:34  Zealot x3, Stalker x2  
  109  9:35  Zealot  
  109  9:36  Immortal  
  109  9:37  Pylon  
  125  9:42  Probe  
  126  9:48  Forge  
  126  9:50  Forge  
  126  10:07  Probe  
  126  10:08  Probe  
  128  10:15  Zealot, Immortal, Stalker  
  128  10:16  Zealot x3, Stalker  
  144  10:23  Templar Archives  
  144  10:25  Probe x2  
  144  10:27  Probe x2  
  148  10:34  Shield Battery  
  148  10:36  Photon Cannon  
  148  10:39  Probe, Photon Cannon  
  148  10:41  Photon Cannon  
  149  10:47  Assimilator  
  149  10:51  Probe, Assimilator  
  149  10:55  Immortal  
  154  10:59  Robotics Facility  
  77  11:21  Zealot x2, Stalker x2  
  77  11:22  Zealot, Stalker  
  77  11:25  Probe  
  57  11:32  Zealot x2  
  59  11:35  Zealot  
Show
View Real Time Build Order
Export as new Build Order

ViBE Protoss - Winner!

Build Orders: 1 Gate Expand, Archon Immortal 

Get SALT Encoding   

  12  0:00  Probe  
  13  0:15  Probe  
  14  0:27  Probe  
  15  0:28  Pylon  
  15  0:46  Probe (Chrono Boost)  
  15  0:48  Gateway  
  16  0:57  Assimilator  
  16  0:59  Probe (Chrono Boost)  
  17  1:06  Probe (Chrono Boost)  
  18  1:13  Probe  
  19  1:25  Probe  
  20  1:31  Nexus  
  20  1:36  Cybernetics Core  
  20  1:38  Probe  
  21  1:52  Probe  
  22  1:54  Assimilator  
  22  2:01  Pylon  
  22  2:07  Probe  
  23  2:13  Warp Gate  
  23  2:19  Stalker  
  25  2:27  Probe (Chrono Boost)  
  26  2:31  Pylon  
  26  2:39  Probe (Chrono Boost)  
  27  2:45  Probe (Chrono Boost)  
  27  2:47  Probe (Chrono Boost)  
  27  2:50  Shield Battery  
  29  2:55  Probe  
  29  2:56  Sentry  
  29  2:57  Probe  
  33  3:07  Probe  
  33  3:09  Probe  
  35  3:19  Probe  
  36  3:20  Robotics Facility  
  36  3:21  Probe  
  36  3:22  Gateway  
  36  3:26  Stalker  
  39  3:31  Probe  
  39  3:33  Probe  
  41  3:43  Probe  
  41  3:46  Probe  
  43  3:55  Probe  
  44  3:58  Probe  
  45  4:07  Probe  
  45  4:08  Observer  
  47  4:14  Probe  
  48  4:18  Pylon  
  48  4:21  Pylon  
  48  4:26  Stalker x2  
  52  4:36  Probe x2, Immortal  
  58  4:39  Assimilator x2  
  59  5:07  Probe x2  
  59  5:12  Stalker x2  
  64  5:16  Immortal  
  64  5:17  Nexus  
  64  5:19  Probe (Chrono Boost), Pylon  
  70  5:21  Probe (Chrono Boost), Pylon  
  70  5:29  Probe (Chrono Boost)  
  70  5:35  Probe  
  70  5:37  Probe  
  70  5:38  Pylon  
  72  5:44  Pylon  
  72  5:47  Probe  
  72  5:49  Probe  
  74  5:50  Stalker x2  
  74  5:55  Immortal  
  82  5:57  Pylon  
  82  6:05  Probe (Chrono Boost)  
  82  6:06  Probe (Chrono Boost)  
  84  6:15  Probe (Chrono Boost), Stalker x2  
  84  6:16  Probe (Chrono Boost)  
  90  6:20  Probe x2 (Chrono Boost)  
  90  6:21  Twilight Council  
  90  6:23  Forge  
  90  6:25  Forge  
  88  6:29  Gateway  
  88  6:31  Gateway  
  88  6:33  Gateway  
  88  6:34  Probe x3 (Chrono Boost)  
  88  6:35  Gateway  
  91  6:46  Probe x2 (Chrono Boost)  
  91  6:47  Probe (Chrono Boost)  
  94  6:57  Stalker x2  
  94  7:01  Nexus  
  98  7:03  Immortal  
  98  7:04  Pylon  
  98  7:05  Charge  
  98  7:06  Probe x2  
  98  7:07  Probe, Pylon  
  105  7:11  Assimilator  
  105  7:12  Assimilator  
  105  7:14  Protoss Ground Armor Level 1 (Chrono Boost)  
  105  7:15  Protoss Ground Weapons Level 1 (Chrono Boost)  
  105  7:34  Probe x2  
  107  7:40  Probe  
  107  7:43  Immortal  
  112  7:46  Probe x2  
  114  7:52  Zealot x5  
  114  7:53  Probe (Chrono Boost), Zealot  
  114  7:58  Templar Archives, Probe (Chrono Boost)  
  127  7:59  Probe (Chrono Boost)  
  127  8:05  Probe (Chrono Boost)  
  130  8:11  Gateway  
  130  8:12  Gateway  
  130  8:14  Zealot  
  130  8:15  Zealot x4  
  130  8:17  Zealot  
  130  8:19  Probe x3  
  144  8:22  Probe, Immortal  
  150  8:37  Probe  
  150  8:38  Probe x3  
  150  8:39  Nexus  
  154  8:42  Pylon  
  154  8:45  High Templar, Pylon  
  156  8:52  Pylon  
  156  8:57  Pylon  
  156  9:11  High Templar x5  
  156  9:12  High Templar x2  
  170  9:18  Nexus  
  170  9:21  Archon x2, Pylon  
  170  9:22  Archon  
  170  9:24  Archon  
  170  9:25  Pylon  
  170  9:45  Assimilator x2  
  170  9:47  Assimilator x2  
  170  9:51  Zealot x2  
  170  9:52  Zealot x6  
  184  9:54  Probe x2  
  188  10:14  Nexus  
  188  10:17  Pylon  
  188  10:18  Pylon  
  188  10:19  Pylon  
  188  10:20  Pylon x2  
  188  10:33  Gateway  
  188  10:35  Gateway  
  188  10:38  Gateway  
  188  10:40  Gateway, Zealot x4  
  188  10:41  Zealot  
  198  10:43  Zealot  
  198  10:47  Gateway  
  198  10:49  Gateway  
  200  10:52  Gateway  
  200  10:53  Gateway  
  200  10:57  Gateway  
  200  10:59  Robotics Facility  
  196  11:14  Nexus  
  188  11:28  High Templar x2  
  188  11:29  High Templar x4  
  200  11:42  Archon  
Tags
 
Composition
Archon Immortal
Matchup
PvP
Player
ViBE
Replay Pack
Gold_League
Spawn Locations
Cross Positions
Add a new tag
Caveats
  • Supply blocks, unpowered buildings, or Contaminate may cause inaccurate times.
  • Supply counts are checked every 10 seconds.